 Dungeon Sprint DCSS version 0.27-a0-760-gc38aae387d (webtiles) character file.

Game seed: 10929909556685729545

2053 ShadowManNeo the Basher (level 9, -21/86 HPs)
             Began as a Minotaur Fighter on Mar 24, 2021.
             Shot with a bolt by a yaktaur captain (29 damage)
             ... in the Dungeon (Sprint V: "Ziggurat Sprint").
             The game lasted 00:11:57 (292 turns).

ShadowManNeo the Basher (Minotaur Fighter)           Turns: 292, Time: 00:11:58

Health: -21/86     AC: 26    Str: 22    XL:     9   Next: 4%
Magic:  9/9        EV:  5    Int:  5    God:
Gold:   0          SH:  0    Dex: 18    Spells: 4/9 levels left

rFire    + . .     SeeInvis +   E - +10 dark maul {vorpal}
rCold    + . .     Faith    .   (shield currently unavailable)
rNeg     . . .     Spirit   .   r - +5 crystal plate armour
rPois    .         Reflect  .   (helmet restricted)
rElec    .         Harm     .   (no cloak)
rCorr    .         Rampage  .   (no gloves)
Will     ++...     NoTele   +   (no boots)
Stlth    ..........             (no amulet)
HPRegen  0.24/turn              Q - ring "Lirutef" {rF++ Dex+6 SInv}
MPRegen  0.11/turn              J - ring of Twilight {Ice *Slow Will++}

@: no status effects
A: horns 2, retaliatory headbutt
a: no special abilities


You were in the Dungeon.
You visited 1 branch

Inventory:

Hand Weapons
 k - the +5 great sword of Temperance {protect, *Noise +Fly rN++ Int+3}
   (You found it in the Dungeon)

   It grants its wielder temporary protection when it strikes (+7 to AC).
   It affects your intelligence (+3).
   It greatly protects you from negative energy.
   It lets you fly.
   It may make noises in combat.
 E - the +10 dark maul (weapon) {vorpal}
   (You found it in the Dungeon)

   It inflicts extra damage upon your enemies.
 F - the +9 heavy crossbow "Sniper" {vorpal, Acc+∞ SInv}
   (You found it in the Dungeon)

   Any bolt fired from it inflicts extra damage.
   It lets you see invisible.
 H - the +8 lance "Wyrmbane" {slay drac, rPois rF+ rC+ AC+3}
   (You found it in the Dungeon)

   It affects your AC (+3).
   It protects you from fire.
   It protects you from cold.
   It protects you from poison.
 L - the +6 arbalest "Damnation" {damnation}
   (You found it in the Dungeon)
Missiles
 B - 1000 arrows
 C - 1000 bolts
 D - 1000 sling bullets
Armour
 r - a +5 crystal plate armour (worn)
 s - +5 gold dragon scales
 t - +5 storm dragon scales
Jewellery
 q - a ring of flight
 u - a ring of protection from cold
 v - a +6 ring of strength
 w - a +6 ring of strength
 I - an amulet of the acrobat
 J - the ring of Twilight (left hand) {Ice *Slow Will++}
   (You found it in the Dungeon)

   [ring of ice]

   It enhances your ice magic.
   It makes you vulnerable to fire.
   It protects you from cold.
   It affects your willpower, your defense against some magical effects.
   It may slow you when you take damage.
 N - an amulet of guardian spirit
 O - the ring "Mapid" {rPois rC- rN+++ AC+4 Int-3}
   (You found it in the Dungeon)

   [ring of protection]

   It affects your AC (+4).
   It affects your intelligence (-3).
   It makes you vulnerable to cold.
   It protects you from poison.
   It renders you almost immune to negative energy.
 P - a ring of the Octopus King {MP+9 AC+1 EV+1 Str+1 Int+1 Dex+1}
   (You found it in the Dungeon)

   [ring of magical power]

   It affects your AC (+1).
   It affects your evasion (+1).
   It affects your strength (+1).
   It affects your intelligence (+1).
   It affects your dexterity (+1).
   It affects your magic capacity (+9).
 Q - the ring "Lirutef" (right hand) {rF++ Dex+6 SInv}
   (You found it in the Dungeon)

   [ring of dexterity]

   It affects your dexterity (+6).
   It greatly protects you from fire.
   It lets you see invisible.
Wands
 x - a wand of mindburst (7)
 y - a wand of iceblast (7)
 z - a wand of acid (7)
Scrolls
 i - 2 scrolls of blinking
 l - 4 scrolls of amnesia
 m - 7 scrolls of fog
 n - a scroll of holy word
 o - 5 scrolls of identify
 p - 2 scrolls of fear
 K - 2 scrolls of brand weapon
Potions
 a - 2 potions of brilliance
 b - a potion of invisibility
 c - 5 potions of might
 d - 7 potions of curing
 e - a potion of heal wounds
 f - 5 potions of haste
 g - 7 potions of magic
 h - 2 potions of berserk rage
 j - 4 potions of resistance
Miscellaneous
 A - a lightning rod (4/4)
 G - a phantom mirror
 M - a phantom mirror


   Skills:
 + Level 10.9 Fighting
 + Level 6.9 Long Blades
 + Level 12.6 Maces & Flails
 + Level 1.5 Polearms
 + Level 1.3 Crossbows
 + Level 12.2 Armour
 + Level 2.1 Dodging
 + Level 2.2 Stealth
 + Level 8.9 Shields
 + Level 3.8 Unarmed Combat
 + Level 0.7 Spellcasting
 + Level 0.8 Conjurations
 + Level 0.7 Hexes
 + Level 1.3 Summonings
 + Level 0.8 Necromancy
 + Level 1.2 Transmutations
 + Level 1.2 Invocations
 + Level 1.3 Evocations


You had 4 spell levels left.
You knew the following spells:

 Your Spells              Type           Power      Damage    Failure   Level
a - Poisonous Vapours     Pois/Air       0%         N/A       100%        2
b - Conjure Flame         Conj/Fire      0%         6-21      100%        3

Your spell library contained the following spells:

 Spells                   Type           Power      Damage    Failure   Level
 Animate Skeleton         Necr           2%         N/A       100%        1
 Apportation              Tloc           0%         N/A       100%        1
 Corona                   Hex            0%         N/A       100%        1
 Summon Small Mammal      Summ           4%         N/A       100%        1
 Mephitic Cloud           Conj/Pois/Air  0%         N/A       100%        3
 Summon Lightning Spire   Summ/Air       0%         N/A       100%        4
 Silence                  Hex/Air        0%         N/A       100%        5
 Conjure Ball Lightning   Conj/Air       0%         3x3d6     100%        6
 Freezing Cloud           Conj/Ice/Air   0%         6-21      100%        6
 Tornado                  Air            0%         N/A       100%        9


Dungeon Overview and Level Annotations

Branches:
Dungeon (1/1)

Altars:
Ashenzari
Cheibriados
Dithmenos
Elyvilon
Fedhas
Gozag
Hepliaklqana
Kikubaaqudgha
Makhleb
Nemelex Xobeh
Okawaru
Qazlal
Ru
Sif Muna
Trog
Uskayaw
Vehumet
Wu Jian
Xom
Yredelemnul
Zin
The Shining One
Beogh
Jiyva
Lugonu


Innate Abilities, Weirdness & Mutations

You have a pair of horns on your head.
You reflexively headbutt those who attack you in melee.


Message History

Okay, then.
Okay, then.
You're wearing all the rings you can.
Remove which one? (? for menu, Esc to cancel) > or
v - a +6 ring of strength < or
J - the ring of Twilight {Ice *Slow Will++}
Okay, then.
You're wearing all the rings you can.
Remove which one? (? for menu, Esc to cancel) > or
v - a +6 ring of strength < or
J - the ring of Twilight {Ice *Slow Will++} You remove your +6 ring of strength.
You feel weaker.
You feel agile.
Q - the ring "Lirutef" (right hand) {rF++ Dex+6 SInv} You see here a +1 great sword of freezing.
You see here a +2 spectral quarterstaff.
You see here a +1 great sword of freezing.
You see here a staff of death.
There is a transporter here.
Welcome to arena 11.
You enter the transporter and appear at another place. 2 yaktaurs, a stone giant, a vault guard and a lich come into view.
The lich shouts!
The yaktaur shouts!
You hear a shout! x2
The yaktaur captain wields a +0 arbalest.
The yaktaur captain shoots a bolt.
The bolt hits you!!
* * * LOW HITPOINT WARNING * * *
The yaktaur wields a +0 arbalest.
The yaktaur shoots a bolt.
The bolt closely misses you.
A vault guard comes into view. It is wielding a +0 bardiche.
A yaktaur comes into view.
Found five items.
A yaktaur captain and 2 vault guards come into view.
A vault guard is wielding a +1 glaive and wearing the ring "Bunaeqes" {Str+6 Dex+5 Slay-3}.
The yaktaur shouts!
The vault guard shouts! x3
The lich casts a spell at you. The bolt of cold hits you! You resist.
* * * LOW HITPOINT WARNING * * *
The yaktaur captain shoots a bolt.
The bolt hits you!!
You die...

▓...8©8...▓
▓..}.pc:..▓......)..▓
▓..=}pcc..▓...|)....▓
▓..cLp....▓.........▓
▓...pC....▓.........▓
▓.........▓.........▓
▓.........▓.........▓
▓.........▓.▓....†▓†▓
▓.▓..@..▓.▓....©.†..▓
▓....©....▓▓▓▓▓▓▓▓▓▓▓
▓▓▓▓▓▓▓▓▓▓▓


You could see a stone giant, a lich, 2 yaktaur captains, 4 vault guards and 2
yaktaurs.

Vanquished Creatures
  Erica (D)
  A komodo dragon (D)
  A yak (D)
  2 basilisks (D)
  Duvessa (D)
  Edmund (D)
  A hell hound (D)
  A necrophage (D)
  A phantom (D)
  3 bullfrogs (D)
  Blork the orc (D)
  Dowan (D)
  2 wights (D)
  2 jellies (D)
  An iguana (D)
  Crazy Yiuf (D)
  Jessica (D)
  2 river rats (D)
  A bat skeleton (D)
  A bat zombie (D)
  2 endoplasms (D)
  4 jackals (D)
  A ball python zombie (D)
33 creatures vanquished.

Vanquished Creatures (others)
  Sigmund (D)
  2 bat skeletons (D)
3 creatures vanquished.

Grand Total: 36 creatures vanquished

Notes
Turn   | Place    | Note
-------+----------+-------------------------------------------
     0 | D        | ShadowManNeo the Minotaur Fighter began the quest for the
                  | Orb.
     0 | D        | Reached XP level 1. HP: 19/19 MP: 0/0
    12 | D        | Found a shimmering blue altar of Sif Muna.
    12 | D        | Found a sacrificial altar of Ru.
    12 | D        | Found a bloodstained altar of Trog.
    12 | D        | Found a stormy altar of Qazlal.
    12 | D        | Found an iron altar of Okawaru.
    12 | D        | Found a sparkling altar of Nemelex Xobeh.
    12 | D        | Found a blossoming altar of Fedhas.
    13 | D        | Found the +6 Majin-Bo {vamp, MP+6 Int+6}
    13 | D        | Found the +9 heavy crossbow "Sniper" {vorpal, Acc+∞ SInv}
    13 | D        | Found the +10 dark maul {vorpal}
    13 | D        | Found the +15 Maxwell's patent armour {-Cast -Tele rElec
                  | Will+ rCorr}
    13 | D        | Found the +18 shield of the Gong {rElec rN+ Will+ EV-5}
    13 | D        | Found the +14 obsidian axe {vorpal, *Drain +Fly SInv}
    13 | D        | Found the +7 great mace "Firestarter" {inner flame, rF++}
    13 | D        | Found the +6 shillelagh "Devastator" {shatter}
    13 | D        | Found the +11 plutonium sword {*Contam Stlth-}
    13 | D        | Found the +8 lance "Wyrmbane" {slay drac, rPois rF+ rC+
                  | AC+3}
    13 | D        | Found the +9 sword of Zonguldrok {reap}
    13 | D        | Found the +13 scythe of Curses {drain, *Drain}
    13 | D        | Found the +5 sword of Power {vorpal}
    13 | D        | Found the +7 mace of Variability {chain chaos}
    13 | D        | Found the +7 Singing Sword {vorpal, sonic wave}
    13 | D        | Found the +8 storm bow {elec, penet}
    14 | D        | Found a transporter.
    14 | D        | Found an ancient bone altar of Kikubaaqudgha.
    14 | D        | Found a viscous altar of Jiyva.
    14 | D        | Found a corrupted altar of Lugonu.
    14 | D        | Found a hazy altar of Hepliaklqana.
    14 | D        | Found a burning altar of Makhleb.
    14 | D        | Found an opulent altar of Gozag.
    69 | D        | Reached skill level 1 in Long Blades
    69 | D        | Reached skill level 1 in Maces & Flails
    69 | D        | Reached skill level 1 in Polearms
    69 | D        | Reached skill level 1 in Crossbows
    69 | D        | Reached skill level 1 in Stealth
    69 | D        | Reached skill level 1 in Summonings
    69 | D        | Reached skill level 1 in Transmutations
    69 | D        | Reached skill level 1 in Invocations
    69 | D        | Reached skill level 1 in Evocations
    69 | D        | Reached XP level 2. HP: 27/27 MP: 0/2
    76 | D        | Entered arena 2.
    76 | D        | Found a transporter.
    77 | D        | Found the +4 robe of Augmentation {Str+4 Int+4 Dex+4}
    87 | D        | Got the +5 great sword of Temperance {protect, *Noise +Fly
                  | rN++ Int+3}
    97 | D        | Entered arena 3.
    97 | D        | Found a transporter.
   106 | D        | Reached skill level 5 in Fighting
   106 | D        | Reached skill level 5 in Armour
   106 | D        | Reached skill level 5 in Shields
   106 | D        | Reached XP level 3. HP: 17/36 MP: 3/3
   114 | D        | Entered arena 4.
   114 | D        | Noticed a hell hound
   114 | D        | Found a transporter.
   129 | D        | Entered arena 5.
   129 | D        | Found a transporter.
   131 | D        | Killed a hell hound
   132 | D        | Reached XP level 4. HP: 33/45 MP: 4/4
   132 | D        | Reached XP level 5. HP: 37/51 MP: 5/5
   143 | D        | Got the ring of Twilight {Ice *Slow Will++}
   152 | D        | Entered arena 6.
   152 | D        | Noticed a phantom
   152 | D        | Noticed a necrophage
   152 | D        | Found a transporter.
   153 | D        | Found the +8 autumn katana {vorpal, Clar}
   158 | D        | Reached XP level 6. HP: 28/61 MP: 6/6
   159 | D        | Reached skill level 5 in Long Blades
   163 | D        | Reached skill level 5 in Maces & Flails
   177 | D        | Learned a level 2 spell: Poisonous Vapours
   181 | D        | Learned a level 3 spell: Conjure Flame
   182 | D        | Entered arena 7.
   182 | D        | Noticed a hell hound
   182 | D        | Noticed a hell hound
   186 | D        | Found a transporter.
   195 | D        | Entered arena 8.
   195 | D        | Noticed a hell hog
   195 | D        | Noticed an efreet
   195 | D        | Noticed a hell hound
   195 | D        | Noticed a hell hound
   195 | D        | Noticed an efreet
   200 | D        | Found a transporter.
   203 | D        | Entered arena 9.
   203 | D        | Noticed a deep elf zephyrmancer
   203 | D        | Noticed a deep elf archer
   203 | D        | Noticed a deep elf zephyrmancer
   203 | D        | Noticed an orc sorcerer
   203 | D        | Noticed a deep elf knight
   203 | D        | Noticed an air elemental
   203 | D        | Noticed a cane toad
   204 | D        | Found a transporter.
   206 | D        | Entered arena 10.
   206 | D        | Noticed Sigmund
   206 | D        | Noticed Jessica
   206 | D        | Noticed Blork the orc
   206 | D        | Noticed Crazy Yiuf
   206 | D        | Noticed Dowan
   206 | D        | Noticed Duvessa
   206 | D        | Noticed Edmund
   206 | D        | Noticed Erica
   207 | D        | Found the +6 arbalest "Damnation" {damnation}
   208 | D        | Found a transporter.
   211 | D        | Killed Edmund
   212 | D        | Reached XP level 7. HP: 33/69 MP: 7/7
   212 | D        | Killed Crazy Yiuf
   212 | D        | Killed Sigmund
   212 | D        | HP: 2/69 [Erica/bolt of poison (24)]
   214 | D        | Killed Jessica
   217 | D        | Killed Duvessa
   218 | D        | Reached skill level 10 in Armour
   218 | D        | Killed Dowan
   219 | D        | Killed Blork the orc
   221 | D        | Killed Erica
   222 | D        | Reached skill level 10 in Fighting
   222 | D        | Reached XP level 8. HP: 8/79 MP: 8/8
   243 | D        | Entered arena 11.
   243 | D        | Noticed a komodo dragon
   244 | D        | Found the ring of the Octopus King {MP+9 AC+1 EV+1 Str+1
                  | Int+1 Dex+1}
   249 | D        | Reached skill level 10 in Maces & Flails
   251 | D        | Killed a komodo dragon
   259 | D        | Reached XP level 9. HP: 39/86 MP: 9/9
   260 | D        | Found a transporter.
   270 | D        | Got the ring "Mapid" {rPois rC- rN+++ AC+4 Int-3}
   272 | D        | Got a ring of the Octopus King {MP+9 AC+1 EV+1 Str+1 Int+1
                  | Dex+1}
   276 | D        | Got the ring "Lirutef" {rF++ Dex+6 SInv}
   291 | D        | Entered arena 12.
   291 | D        | Noticed a vault guard
   291 | D        | Noticed a lich
   291 | D        | Noticed a stone giant
   291 | D        | Noticed a yaktaur
   291 | D        | Noticed a yaktaur captain
   291 | D        | Noticed a vault guard
   291 | D        | Noticed a yaktaur
   292 | D        | Found the ring of the Hare {EV+8}
   292 | D        | Noticed a vault guard
   292 | D        | Identified the ring "Bunaeqes" {Str+6 Dex+5 Slay-3}
   292 | D        | Noticed a vault guard
   292 | D        | Noticed a yaktaur captain
   292 | D        | Shot with a bolt by a yaktaur captain

Illustrated notes

Levels and vault maps discovered:
D:        sprint_v [room_start, room_1, room_2, room_3, room_4, room_5, room_6,
          room_7, room_8, room_9, room_10, room_11, room_12, room_13, room_14,
          room_15, room_16, room_17, room_18, room_19, room_20, room_21,
          room_22, room_23, room_24, room_25, room_26, room_27]

Skill      XL: |  1  2  3  4  5  6  7  8 |
---------------+-------------------------+-----
Fighting       | 4 5 6 7 8 10 | 10.9
Long Blades    | 1 2 3 4 5 6 |  6.9
Maces & Flails | 1 2 3 6 9 12 | 12.6
Polearms       | 1 |  1.5
Crossbows      | 1 |  1.3
Armour         | 4 5 7 8 9 11 12 | 12.2
Dodging        | 2 |  2.1
Stealth        | 1 2 |  2.2
Shields        | 4 5 6 7 8 |  8.9
Summonings     | 1 |  1.3
Transmutations | 1 |  1.2
Invocations    | 1 |  1.2
Evocations     | 1 |  1.3
Unarmed Combat | 3 |  3.8
Spellcasting   | |  0.7
Conjurations   | |  0.8
Hexes          | |  0.7
Necromancy     | |  0.8

Action                   |  1- 3 |  4- 6 |  7- 9 || total
-------------------------+-------+-------+-------++-------
Melee: Great sword       |     7 |       |       ||     7
       Double sword      |     5 |       |       ||     5
       Headbutt          |     1 |     2 |     1 ||     4
       Maul              |     2 |    14 |    17 ||    33
  Use: Potion            |     4 |     7 |     6 ||    17
       Scroll            |       |     2 |       ||     2
 Stab: Invisible         |       |       |     1 ||     1
Armor: Crystal plate arm |    30 |    45 |    68 ||   143
Dodge: Dodged            |    13 |    29 |    28 ||    70
Block: Tower shield      |     8 |       |       ||     8

Table legend: (Time is in decaauts)
 A = Elapsed time spent in this place.
 B = Non-inter-level travel time spent in this place.
 C = Inter-level travel time spent in this place.
 D = Time resting spent in this place.
 E = Time spent auto-exploring this place.
 F = Levels seen in this place.
 G = Mean time per level.
                   A        B        C        D        E       F      G
               +--------+--------+--------+--------+--------+-----+--------+
         Total |    344 |    264 |     80 |      0 |      0 |   1 |  344.0 |
       Dungeon |    344 |    264 |     80 |      0 |      0 |   1 |  344.0 |
               +--------+--------+--------+--------+--------+-----+--------+

Top non-repeatable levels by time:
       D: 344 daAuts
